 Dungeon Crawl Stone Soup version 0.28-a0-511-gcc94558de3 (webtiles) character file.

Game seed: 8525042722821260797

208 meatgazer the Distorting Demonspawn (level 5, -4/37 (63) HPs)
             Began as a Demonspawn Abyssal Knight on Sept 21, 2021.
             Was a Believer of Lugonu.
             Killed from afar by Dowan (14 damage)
             ... with a stone arrow
             ... on level 4 of the Dungeon.
             The game lasted 00:06:00 (5225 turns).

meatgazer the Distorting Demonspawn (DsAK)          Turns: 5225, Time: 00:06:01

HP:   -4/37 (63)    AC: 10    Str: 19 (21) XL:     5   Next: 55%
MP:   8/8           EV:  9    Int:  8 (11) God:    Lugonu [**....]
Gold: 1264          SH:  4    Dex: 12 (13) Spells: 4/4 levels left

rFire   + . .      SeeInvis .   a - +2 hand axe
rCold   . . .      Faith    .   (no shield)
rNeg    . . .      Spirit   .   e - +4 scale mail {rF+}
rPois   .          Reflect  .   o - +0 hat
rElec   .          Harm     .   (no cloak)
rCorr   .          Rampage  .   (no gloves)
Will    .....                   (no boots)
Stlth   ..........              (no amulet)
HPRegen 0.12/turn               l - +6 ring of strength
MPRegen 0.11/turn               (no ring)

@: berserking, attractive, flying, very heavily drained, very quick
A: talons 1, condensation shield
a: Renounce Religion, Depart the Abyss, Bend Space


You were on level 4 of the Dungeon.
You worshipped Lugonu.
Lugonu was pleased with you.
You visited 1 branch of the dungeon, and saw 4 of its levels.
You visited the Abyss 1 time.

You collected 1264 gold pieces.

Inventory:

Hand Weapons
 a - a +2 hand axe (weapon)
Armour
 c - a +2 kite shield
 e - a +4 scale mail of fire resistance (worn)
 o - a +0 hat (worn)
Magical Staves
 r - a staff of air
Jewellery
 l - a +6 ring of strength (left hand)
 p - an amulet of magic regeneration
Wands
 h - a wand of polymorph (7)
Scrolls
 g - a scroll of identify
 n - a scroll of enchant weapon
Potions
 b - a potion of brilliance {unknown}
 d - a potion of flight
 j - a potion of curing
 k - a potion of mutation {unknown}


   Skills:
 + Level 3.7 Fighting
 + Level 2.5 Axes
 * Level 3.1 Armour
 - Level 0.8 Dodging
 + Level 1.4 Shields
 * Level 4.5 Invocations


You had 4 spell levels left.
You didn't know any spells.
Your spell library was empty.

Dungeon Overview and Level Annotations

Branches:
Dungeon (4/15)             Temple (0/1) D:4

Altars:

Annotations:
D:4 Dowan


Innate Abilities, Weirdness & Mutations

You have sharp toenails.
A meltable shield of frost defends you. (SH +4)


Message History

You feel drained.
* * * LOW HITPOINT WARNING * * *
You feel much better.
Duvessa hits you with a +4 short sword of draining!
You feel drained.
It was a potion of degeneration.
There was something very wrong with that liquid.
You feel weakened.
You feel dopey.
You feel clumsy. Duvessa hits you but does no damage.
You feel drained.
You feel very buoyant.
You fly up into the air.
Duvessa hits you with a +4 short sword of draining!
* * * LOW HITPOINT WARNING * * *
You feel drained.
* * * LOW HITPOINT WARNING * * *
It was a potion of curing.
You feel better.
Duvessa hits you with a +4 short sword of draining.
You feel drained.
It was a potion of attraction.
You feel attractive to monsters.
Duvessa hits you with a +4 short sword of draining.
* * * LOW HITPOINT WARNING * * *
You feel drained.
It was a potion of berserk rage.
A red film seems to cover your vision as you go berserk!
You feel yourself moving faster!
You feel mighty! You block Duvessa's attack.
You slash Duvessa! Your kick misses Duvessa.
Duvessa is severely wounded.
Duvessa hits you but does no damage.
You feel drained.
You hit Duvessa.
Duvessa is almost dead.
You block Duvessa's attack.
You slash Duvessa!
You kill Duvessa!
Lugonu accepts your kill.
Dowan screams, "No!
No!"
Dowan seems to find hidden reserves of power!
Dowan casts a spell at you. The stone arrow hits you!
You die...

#...'....'......#
#.#
#[###....#...####
#.# #.#
#....#...# #.#
#....#...# #. #.#
######...# ...
#.# #...# ....
#.# #...# .....
#.#
#########......
#.# #.@)e.....
#.# #.##.....#
#.# #.# ....# #.#
#.# ...# #.# #.#
..# #.# #.# ##
#.# #.# #.# #.#
#.# #.#


You could see Dowan (fast).

Vanquished Creatures
  Duvessa (D:4)
  Jessica (D:3)
  Natasha (thrice) (D:2)
  An iguana (D:4)
  2 adders (D:2)
  An adder skeleton (D:3)
  A worm (D:2)
  6 endoplasms
  3 giant cockroaches (D:1)
  6 goblins
  4 hobgoblins
  4 jackals (D:1)
  3 kobolds
  7 quokkas
  5 ball pythons
  2 bats (D:1)
  3 frilled lizards (D:1)
  A quokka skeleton (D:4)
  9 rats
63 creatures vanquished.

Vanquished Creatures (others)
  8 plants
  13 withered plants (D:2)
21 creatures vanquished.

Grand Total: 84 creatures vanquished

Notes
Turn   | Place    | Note
-------+----------+-------------------------------------------
     0 | Abyss:1  | meatgazer the Demonspawn Abyssal Knight began the quest for
                  | the Orb.
     0 | Abyss:1  | Reached XP level 1. HP: 18/18 MP: 2/2
    37 | Abyss:1  | Noticed a thrashing horror
   112 | Abyss:1  | Noticed an orange demon
   126 | Abyss:1  | Noticed a large abomination
   150 | Abyss:2  | Noticed a large abomination
   181 | Abyss:3  | Noticed a green very ugly thing
   183 | Abyss:3  | Noticed a wretched star
   190 | D:1      | Escaped the Abyss
   416 | D:1      | Gained mutation: You have sharp toenails. [demonic
                  | ancestry]
   416 | D:1      | Reached XP level 2. HP: 14/24 MP: 4/4
   416 | D:1      | Reached * piety under Lugonu
   426 | D:1      | Reached skill level 3 in Invocations
  1252 | D:1      | Reached XP level 3. HP: 29/29 MP: 5/5
  2044 | D:2      | Noticed Natasha
  2050 | D:2      | Killed Natasha
  2051 | D:2      | Reached skill level 1 in Shields
  2051 | D:2      | Reached XP level 4. HP: 17/35 MP: 6/6
  2319 | D:2      | Noticed Natasha
  2328 | D:2      | Killed Natasha
  2350 | D:2      | Reached ** piety under Lugonu
  2454 | D:2      | Noticed Natasha
  2462 | D:2      | Reached skill level 4 in Invocations
  2470 | D:2      | Killed Natasha
  2471 | D:2      | Gained mutation: A meltable shield of frost defends you.
                  | (SH +4) [demonic ancestry]
  2471 | D:2      | Reached XP level 5. HP: 18/41 MP: 8/8
  2845 | D:2      | Identified a scroll of acquirement
  2845 | D:2      | Acquired 970 gold pieces
  2955 | D:2      | Found a faded altar of an unknown god.
  3405 | D:3      | Noticed Jessica
  3412 | D:3      | Killed Jessica
  4515 | D:4      | Found a staircase to the Ecumenical Temple.
  5209 | D:4      | Noticed Duvessa
  5209 | D:4      | Noticed Dowan
  5225 | D:4      | Killed Duvessa
  5225 | D:4      | Killed from afar by Dowan

Illustrated notes

Levels and vault maps discovered:
D:1:      dpeg_arrival_signposts, layout_rooms, serial_forest,
          infiniplex_forest_straight_4, infiniplex_forest_lined_corner,
          infiniplex_forest_end_2, infiniplex_forest_clump_medium,
          infiniplex_forest_clump_long, infiniplex_forest_straight_2,
          infiniplex_forest_straight_2, infiniplex_forest_lined_1,
          infiniplex_forest_clump_small, minmay_hedge_maze,
          minmay_misc_feat_chi, minmay_indecisive_spiral
D:2:      layout_loops_ring, shapermc_ecumenical_altar_flowoftime,
          chequers_serial_rivers_large_b, minmay_misc_feat_five,
          minmay_tree_intersection, minmay_increasing_density, uniq_natasha
D:3:      layout_loops_ring, serial_aquarium, aquarium_bridge_long_joined
          [aquarium_subvault_wall, aquarium_subvault_wall,
          aquarium_subvault_wall, aquarium_subvault_bridge,
          aquarium_subvault_window, aquarium_subvault_balcony],
          aquarium_bridge_island_small [aquarium_subvault_small_water,
          aquarium_subvault_bridge, aquarium_subvault_balcony,
          aquarium_subvault_bridge, aquarium_subvault_balcony],
          aquarium_window_1, aquarium_window_2, aquarium_window_1,
          aquarium_window_1, aquarium_view_2e, aquarium_view_2e,
          aquarium_pool_1, uniq_jessica
D:4:      layout_basic, minmay_temple_entry_wispy, uniq_duvessa

Skill      XL: |  1  2  3  4  5 |
---------------+----------------+-----
Armour         | 2 3 |  3.1
Invocations    | 3 4 |  4.5
Axes           | 2 |  2.5
Shields        | 1 |  1.4
Fighting       | |  3.7
Dodging        | |  0.8

Action                   |  1- 3 |  4- 6 || total
-------------------------+-------+-------++-------
Melee: Hand axe          |   118 |    58 ||   176
       Kick              |    19 |    17 ||    36
       Unarmed           |       |     9 ||     9
Invok: Depart the Abyss  |     1 |       ||     1
  Use: Scroll            |     1 |     6 ||     7
       Potion            |       |     7 ||     7
Armor: Scale mail        |    58 |    20 ||    78
       Skin              |       |     1 ||     1
Dodge: Dodged            |    65 |    27 ||    92
Block: Other             |       |     7 ||     7

Table legend: (Time is in decaauts)
 A = Elapsed time spent in this place.
 B = Non-inter-level travel time spent in this place.
 C = Inter-level travel time spent in this place.
 D = Time resting spent in this place.
 E = Time spent auto-exploring this place.
 F = Levels seen in this place.
 G = Mean time per level.
                   A        B        C        D        E       F      G
               +--------+--------+--------+--------+--------+-----+--------+
         Total |   5295 |   5186 |    109 |   1185 |   3438 |   7 |  756.4 |
       Dungeon |   5105 |   4996 |    109 |   1185 |   3337 |   4 | 1276.2 |
         Abyss |    190 |    190 |      0 |      0 |    101 |   3 |   63.3 |
               +--------+--------+--------+--------+--------+-----+--------+

Top non-repeatable levels by time:
     D:2: 1926 daAuts
     D:1: 1237 daAuts
     D:3: 1046 daAuts
     D:4: 894 daAuts
 Abyss:1: 130 daAuts
 Abyss:2: 50 daAuts
 Abyss:3: 8 daAuts
